 Dungeon Crawl Stone Soup version 0.30-a0-605-gb2882149bf (webtiles) character file.

Game seed: 7843859476770968739

479 karrick the Ducker (level 7, -5/56 HPs)
             Began as a Gnoll Gladiator on Jan 7, 2023.
             Slain by an ogre
             ... wielding a +0 giant club
              (7 damage)
             ... on level 4 of the Dungeon.
             The game lasted 00:08:48 (3383 turns).

karrick the Ducker (Gnoll Gladiator)                Turns: 3383, Time: 00:08:49

Health: -5/56      AC:  7    Str: 13      XL:     7   Next: 11%
Magic:  10/10      EV: 15    Int:  7      God:
Gold:   167        SH:  0    Dex: 14 (16) Spells: 10/10 levels left

rFire   . . .      SeeInvis .    h - +1 short sword (vamp)
rCold   . . .      Faith    .    (no shield)
rNeg    . . .      Spirit   .    y - +2 animal skin
rPois   .          Reflect  .    c - +0 helmet
rElec   .          Harm     .    j - +1 cloak
rCorr   .          Rampage  .    (no gloves)
Will    .....                    (no boots)
Stlth   ++                       (no amulet)
HPRegen 0.29/turn                (no ring)
MPRegen 0.12/turn                (no ring)

@: no status effects
A: fangs 1, strong nose, distributed training
a: no special abilities


You were on level 4 of the Dungeon.
You visited 1 branch of the dungeon, and saw 4 of its levels.

You collected 167 gold pieces.

Inventory:

Hand Weapons
 a - a +0 war axe
 h - a +1 vampiric short sword (weapon)
Missiles
 d - 4 throwing nets (quivered)
 e - a javelin
Armour
 b - a +0 leather armour
 c - a +0 helmet (worn)
 j - a +1 cloak (worn)
 y - a +2 animal skin (worn)
Jewellery
 t - a ring of ice
Scrolls
 f - a scroll of fear {unknown}
 m - 4 scrolls of identify {unknown}
 n - 2 scrolls of amnesia {unknown}
 p - a scroll of summoning {unknown}
 s - a scroll of enchant armour {unknown}
 u - a scroll of noise {unknown}
 z - a scroll of teleportation {unknown}
Potions
 g - 2 potions of haste
 i - 2 potions of brilliance {unknown}
 k - a potion of invisibility {unknown}
 l - 2 potions of curing {unknown}
 o - 3 potions of lignification {unknown}
 q - 3 potions of ambrosia {unknown}
 r - a potion of flight {unknown}
 v - a potion of degeneration {unknown}
 w - a potion of mutation {unknown}
 x - a potion of cancellation {unknown}


   Skills:
 + Level 5.2 Fighting
 + Level 2.3 Short Blades
 + Level 2.3 Long Blades
 + Level 7.0 Axes
 + Level 2.3 Maces & Flails
 + Level 2.3 Polearms
 + Level 2.3 Staves
 + Level 2.3 Ranged Weapons
 + Level 5.2 Throwing
 + Level 2.3 Armour
 + Level 7.0 Dodging
 + Level 2.3 Stealth
 + Level 2.3 Shields
 + Level 2.3 Unarmed Combat
 + Level 2.3 Spellcasting
 + Level 1.9 Conjurations
 + Level 1.9 Hexes
 + Level 1.9 Summonings
 + Level 1.9 Necromancy
 + Level 1.9 Translocations
 + Level 1.9 Transmutations
 + Level 1.9 Fire Magic
 + Level 1.9 Ice Magic
 + Level 1.9 Air Magic
 + Level 1.9 Earth Magic
 + Level 1.9 Poison Magic
 + Level 2.6 Invocations
 + Level 2.3 Evocations


You had 10 spell levels left.
You didn't know any spells.
Your spell library contained the following spells:

 Spells                   Type           Power      Damage    Failure   Level
 Magic Dart               Conj           12%        1d3       17%         1
 Blink                    Tloc           6%         N/A       26%         2
 Call Imp                 Summ           3%         N/A       26%         2
 Ensorcelled Hibernation  Hex/Ice        6%         N/A       26%         2
 Momentum Strike          Conj/Tloc      6%         3d8       26%         2
 Passwall                 Tmut/Erth      2%         N/A       26%         2
 Lesser Beckoning         Tloc           6%         N/A       45%         3
 Mephitic Cloud           Conj/Pois/Air  3%         N/A       45%         3
 Swiftness                Air            3%         N/A       45%         3


Dungeon Overview and Level Annotations

Branches:
Dungeon (4/15)
 Temple: D:4-7

Altars:
Gozag

Annotations:
D:3 3 runed translucent doors, Vadun's ghost, amateur GnSu


Innate Abilities, Weirdness & Mutations

You have very sharp teeth.
Your uncanny sense of smell can sniff out nearby items.
Your experience applies equally to all skills.


Message History

The ogre is heavily wounded.
The ogre barely misses you.
You hit the ogre but do no damage.
The ogre is heavily wounded.
The ogre hits you with a +0 giant club!!
You are too injured to fight recklessly!
You are too injured to fight recklessly!
You are too injured to fight recklessly!
You are too injured to fight recklessly!
You are too injured to fight recklessly!
You are too injured to fight recklessly!
You are too injured to fight recklessly!
You are too injured to fight recklessly!
You are too injured to fight recklessly!
You are too injured to fight recklessly!
You are too injured to fight recklessly!
You are too injured to fight recklessly!
You are too injured to fight recklessly!
You are too injured to fight recklessly!
You are too injured to fight recklessly!
You are too injured to fight recklessly!
You are too injured to fight recklessly!
You are too injured to fight recklessly!
You are too injured to fight recklessly!
You are too injured to fight recklessly!
You are too injured to fight recklessly!
You are too injured to fight recklessly!
You are too injured to fight recklessly!
Okay, then.
You feel a sense of dread.
h - a +1 vampiric short sword (weapon)
You swing at nothing.
The ogre hits you with a +0 giant club.
You swing at nothing.
You swing at nothing.
The ogre hits you with a +0 giant club!
* * * LOW HITPOINT WARNING * * *
Unknown command.
You swing at nothing.
The ogre closely misses you.
You swing at nothing.
You swing at nothing.
The ogre hits you with a +0 giant club!
You die...

##...........#
.............
............#
......|.....#
...........#
...........##
......O.....## ##
.......@.....###.#
..............#.#
.......#.......#
.................###...##
..................###..#
......................##
..............#.......##
.................####..#
................# ##.#


You could see an ogre.

Vanquished Creatures
  An ogre (D:4)
  A necrophage (D:4)
  2 quasits
  Jessica (D:3)
  Natasha (twice) (D:3)
  Terence (D:1)
  Robin (D:3)
  3 adders (D:2)
  3 shadow imps
  3 white imps
  An ufetubus (D:4)
  2 dart slugs (D:2)
  6 orcs (D:3)
  6 ball pythons
  8 bats
  4 endoplasms
  4 giant cockroaches
  8 goblins
  10 hobgoblins
  2 jackals (D:2)
  5 kobolds
  A quokka (D:1)
  5 frilled lizards (D:1)
  5 rats
85 creatures vanquished.

Vanquished Creatures (others)
  An endoplasm (D:1)
  9 plants (D:3)
10 creatures vanquished.

Grand Total: 95 creatures vanquished

Notes
Turn   | Place    | Note
-------+----------+-------------------------------------------
     0 | D:1      | karrick the Gnoll Gladiator began the quest for the Orb.
     0 | D:1      | Reached XP level 1. HP: 20/20 MP: 1/1
   272 | D:1      | Reached XP level 2. HP: 26/26 MP: 2/2
   790 | D:1      | You fall into a shaft and drop 1 floor!
   791 | D:2      | Noticed Terence
  1102 | D:2      | Reached XP level 3. HP: 22/31 MP: 2/4
  1120 | D:1      | Killed Terence
  1121 | D:1      | Reached skill level 1 in Short Blades
  1121 | D:1      | Reached skill level 1 in Long Blades
  1121 | D:1      | Reached skill level 1 in Maces & Flails
  1121 | D:1      | Reached skill level 1 in Polearms
  1121 | D:1      | Reached skill level 1 in Staves
  1121 | D:1      | Reached skill level 1 in Ranged Weapons
  1121 | D:1      | Reached skill level 1 in Armour
  1121 | D:1      | Reached skill level 1 in Stealth
  1121 | D:1      | Reached skill level 1 in Shields
  1121 | D:1      | Reached skill level 1 in Unarmed Combat
  1121 | D:1      | Reached skill level 1 in Spellcasting
  1121 | D:1      | Reached skill level 1 in Invocations
  1121 | D:1      | Reached skill level 1 in Evocations
  1205 | D:2      | Reached XP level 4. HP: 38/38 MP: 5/5
  1364 | D:2      | Reached skill level 1 in Conjurations
  1364 | D:2      | Reached skill level 1 in Hexes
  1364 | D:2      | Reached skill level 1 in Summonings
  1364 | D:2      | Reached skill level 1 in Necromancy
  1364 | D:2      | Reached skill level 1 in Translocations
  1364 | D:2      | Reached skill level 1 in Transmutations
  1364 | D:2      | Reached skill level 1 in Fire Magic
  1364 | D:2      | Reached skill level 1 in Ice Magic
  1364 | D:2      | Reached skill level 1 in Air Magic
  1364 | D:2      | Reached skill level 1 in Earth Magic
  1364 | D:2      | Reached skill level 1 in Poison Magic
  1705 | D:3      | Found a runed translucent gate.
  1705 | D:3      | Found a runed translucent gate.
  1705 | D:3      | Found an opulent altar of Gozag.
  1706 | D:3      | Found a runed translucent gate.
  1723 | D:3      | Noticed Vadun's ghost (amateur GnSu)
  1723 | D:3      | Noticed an ice beast
  1747 | D:3      | Noticed Jessica
  1792 | D:3      | Killed Jessica
  1793 | D:3      | Reached XP level 5. HP: 43/43 MP: 5/7
  2274 | D:3      | Noticed Natasha
  2289 | D:3      | Killed Natasha
  2325 | D:3      | Noticed Robin
  2352 | D:3      | Killed Robin
  2446 | D:3      | Noticed Natasha
  2465 | D:3      | Killed Natasha
  2647 | D:4      | Noticed an ogre
  2802 | D:3      | Reached XP level 6. HP: 32/50 MP: 8/8
  2881 | D:3      | Reached skill level 5 in Fighting
  2881 | D:3      | Reached skill level 5 in Throwing
  3258 | D:4      | Reached XP level 7. HP: 56/56 MP: 10/10
  3380 | D:4      | HP: 1/56 [ogre/+0 giant club (17)]
  3383 | D:4      | Slain by an ogre

Illustrated notes

Levels and vault maps discovered:
D:1:      reono_arrival_mine, layout_basic
D:2:      layout_rooms, chequers_serial_rivers_small_b, uniq_terence
D:3:      layout_loops_ring, ebering_ghost_gozag, serial_bayou_pond_c,
          uniq_natasha, uniq_robin, uniq_jessica
D:4:      layout_layer_cave, serial_demonic, serial_demonic_g, serial_demonic_e,
          serial_demonic_a, serial_demonic_a, ebering_ghost_inner_flame

Skill      XL: |  1  2  3  4  5  6 |
---------------+-------------------+-----
Short Blades   | 1 2 |  2.3
Long Blades    | 1 2 |  2.3
Maces & Flails | 1 2 |  2.3
Polearms       | 1 2 |  2.3
Staves         | 1 2 |  2.3
Ranged Weapons | 1 2 |  2.3
Armour         | 1 2 |  2.3
Stealth        | 1 2 |  2.3
Shields        | 1 2 |  2.3
Unarmed Combat | 1 2 |  2.3
Spellcasting   | 1 2 |  2.3
Invocations    | 1 2 |  2.6
Evocations     | 1 2 |  2.3
Conjurations   | 1 |  1.9
Hexes          | 1 |  1.9
Summonings     | 1 |  1.9
Necromancy     | 1 |  1.9
Translocations | 1 |  1.9
Transmutations | 1 |  1.9
Fire Magic     | 1 |  1.9
Ice Magic      | 1 |  1.9
Air Magic      | 1 |  1.9
Earth Magic    | 1 |  1.9
Poison Magic   | 1 |  1.9
Fighting       | 5 |  5.2
Throwing       | 5 |  5.2
Axes           | 7 |  7.0
Dodging        | 7 |  7.0

Action                   |  1- 3 |  4- 6 |  7- 9 || total
-------------------------+-------+-------+-------++-------
Melee: War axe           |    19 |    40 |    15 ||    74
       Bite              |    11 |    29 |       ||    40
       Short sword       |    55 |   278 |       ||   333
       Punch             |       |     9 |       ||     9
  Use: Potion            |     2 |       |       ||     2
 Stab: Sleeping          |       |     2 |       ||     2
Armor: Leather armour    |    18 |    53 |       ||    71
       Animal skin       |       |    75 |     1 ||    76
Dodge: Dodged            |    52 |   343 |    11 ||   406

Table legend: (Time is in decaauts)
 A = Elapsed time spent in this place.
 B = Non-inter-level travel time spent in this place.
 C = Inter-level travel time spent in this place.
 D = Time resting spent in this place.
 E = Time spent auto-exploring this place.
 F = Levels seen in this place.
 G = Mean time per level.
                   A        B        C        D        E       F      G
               +--------+--------+--------+--------+--------+-----+--------+
         Total |   3374 |   3183 |    191 |    252 |   2144 |   4 |  843.5 |
       Dungeon |   3374 |   3183 |    191 |    252 |   2144 |   4 |  843.5 |
               +--------+--------+--------+--------+--------+-----+--------+

Top non-repeatable levels by time:
     D:3: 1252 daAuts
     D:1: 1117 daAuts
     D:2: 578 daAuts
     D:4: 425 daAuts
